Map: Romanticide LE

Players

Lambo - Winner!

  • Race: Zerg Zerg
  • League: Master
  • Spawn Location: 11:00

ShoWTimE

  • Race: Protoss Protoss
  • League: Master
  • Spawn Location: 5:00

Event: DreamHack SC2 Masters 2020 Winter

VOD

Have the link to the VOD?

Description

Time

  • Played on: Nov. 6, 2020, 11:09 a.m.
  • Length: 16:56

All games in this series

Show
View Real Time Build Order
Export as new Build Order

Lambo Zerg - Winner!

Build Orders: Hatch First, Lurkers 

Get SALT Encoding   

  12  0:00  Drone  
  13  0:12  Overlord  
  13  0:17  Drone  
  14  0:30  Drone x2  
  16  0:48  Hatchery  
  15  0:51  Drone  
  15  0:55  Drone  
  17  0:58  Drone  
  18  1:09  Extractor  
  17  1:13  Spawning Pool  
  17  1:17  Drone  
  17  1:20  Drone  
  18  1:27  Drone  
  19  1:40  Drone  
  20  1:51  Overlord  
  20  1:59  Queen  
  22  2:02  Queen  
  22  2:03  Zergling x4  
  26  2:10  Drone  
  26  2:11  Drone  
  26  2:14  Metabolic Boost  
  28  2:23  Drone x2  
  30  2:32  Drone  
  30  2:34  Drone  
  32  2:39  Queen  
  32  2:43  Overlord  
  34  2:52  Hatchery  
  34  2:53  Drone  
  34  2:55  Drone  
  34  2:58  Zergling x2  
  36  3:04  Drone  
  37  3:06  Overlord  
  37  3:10  Drone x3  
  37  3:12  Drone  
  41  3:16  Drone  
  42  3:21  Queen  
  42  3:25  Queen  
  45  3:29  Drone  
  45  3:30  Drone x2  
  45  3:34  Overlord  
  48  3:36  Drone  
  48  3:39  Overlord  
  49  3:43  Overlord  
  49  3:53  Drone x2  
  51  3:58  Drone x3  
  51  3:59  Zergling x2  
  55  4:03  Spore Crawler  
  55  4:04  Spore Crawler  
  55  4:07  Drone x3, Queen  
  58  4:13  Zergling x2  
  59  4:17  Drone x2  
  59  4:21  Spore Crawler  
  60  4:25  Drone x2  
  60  4:26  Overlord  
  62  4:33  Lair, Drone x2  
  62  4:34  Drone  
  62  4:35  Roach Warren  
  62  4:36  Extractor  
  62  4:37  Drone x2  
  65  4:38  Drone  
  65  4:41  Drone x2  
  65  4:45  Drone x3  
  69  4:55  Drone x4  
  69  4:57  Drone  
  74  5:01  Extractor  
  74  5:05  Drone x2  
  74  5:06  Drone x2  
  77  5:08  Drone x2  
  77  5:10  Drone x2  
  77  5:12  Drone  
  82  5:14  Overlord  
  82  5:15  Extractor x2  
  82  5:16  Extractor, Overlord  
  82  5:19  Drone x2  
  82  5:20  Drone  
  82  5:26  Evolution Chamber  
  82  5:27  Overlord  
  81  5:30  Drone  
  81  5:34  Overlord  
  82  5:36  Queen x2  
  82  5:41  Hydralisk Den  
  85  5:44  Queen  
  85  5:45  Overlord  
  87  5:50  Hatchery  
  86  6:01  Overlord  
  86  6:02  Drone x2  
  86  6:03  Drone x3  
  91  6:11  Zerg Missile Weapons Level 1  
  91  6:13  Hydralisk  
  91  6:14  Hydralisk x6  
  105  6:19  Hydralisk x2  
  105  6:22  Overlord  
  105  6:24  Hydralisk  
  110  6:27  Hydralisk x2  
  110  6:32  Drone  
  114  6:35  Muscular Augments  
  114  6:37  Infestation Pit  
  114  6:38  Hydralisk x2  
  117  6:44  Hydralisk x2  
  117  6:45  Hydralisk  
  122  6:48  Drone x2  
  122  6:51  Hydralisk x2  
  128  6:59  Zergling x2  
  129  7:04  Hatchery, Overlord x2  
  129  7:05  Overlord  
  129  7:07  Overlord  
  128  7:08  Overlord  
  128  7:10  Overlord  
  128  7:11  Overlord  
  128  7:14  Drone  
  129  7:19  Hive  
  129  7:20  Evolution Chamber  
  129  7:22  Lurker Den  
  127  7:24  Drone x2, Unknown, Hydralisk x2  
  127  7:26  Roach  
  127  7:28  Zergling x2  
  135  7:36  Drone x2  
  137  7:37  Drone x3  
  137  7:38  Drone x3  
  137  7:43  Hydralisk x2  
  147  7:46  Grooved Spines  
  147  7:48  Hydralisk x3  
  153  7:53  Drone x3  
  153  7:57  Zerg Ground Armor Level 1  
  153  7:58  Drone x2  
  158  8:03  Glial Reconstitution  
  158  8:06  Zerg Missile Weapons Level 2  
  158  8:07  Drone x3  
  158  8:08  Drone  
  158  8:10  Spore Crawler  
  158  8:11  Hydralisk  
  163  8:16  Roach x2  
  163  8:17  Roach  
  168  8:20  Spine Crawler  
  168  8:22  Lurker x3  
  168  8:25  Drone x3  
  168  8:27  Lurker  
  174  8:32  Spine Crawler  
  174  8:34  Roach x4  
  181  8:35  Overlord  
  181  8:40  Seismic Spines  
  182  8:41  Lurker  
  182  8:43  Overlord  
  181  8:50  Lurker  
  181  8:51  Spine Crawler  
  181  8:54  Spine Crawler  
  180  8:56  Spine Crawler  
  180  8:59  Lurker x2  
  181  9:02  Spine Crawler  
  180  9:11  Lurker  
  180  9:13  Queen x2, Overseer  
  180  9:14  Queen x2  
  189  9:17  Hatchery  
  189  9:19  Lurker  
  189  9:22  Overlord  
  189  9:26  Overlord  
  187  9:34  Hydralisk x2  
  187  9:37  Adaptive Talons  
  179  9:46  Lurker x2  
  179  9:47  Hydralisk x4  
  179  9:48  Hydralisk x4  
  195  9:54  Lurker  
  196  10:02  Zerg Ground Armor Level 2  
  193  10:20  Hydralisk x3  
  199  10:26  Hydralisk  
  189  10:29  Hydralisk x2  
  189  10:31  Hydralisk x4  
  197  10:37  Hydralisk  
  197  10:40  Hydralisk x2  
  199  10:42  Hydralisk  
  199  10:46  Hydralisk x5  
  199  10:49  Roach x2  
  200  10:54  Hydralisk  
  200  10:55  Hydralisk x2  
  200  11:09  Zerg Missile Weapons Level 3  
  200  11:22  Hydralisk x4  
  200  11:25  Hydralisk x5  
  188  11:30  Hydralisk x2  
  188  11:32  Drone x18  
  193  11:37  Hydralisk x3  
  193  11:39  Queen x2  
  199  11:45  Extractor  
  199  11:46  Extractor  
  197  11:49  Spire  
  196  11:57  Lurker x2  
  196  11:58  Spine Crawler, Overseer  
  197  12:01  Spine Crawler x3  
  197  12:04  Lurker  
  197  12:05  Spine Crawler  
  194  12:19  Lurker x4  
  198  12:24  Hatchery  
  197  12:32  Spine Crawler  
  196  12:45  Spire  
  196  12:50  Lurker Den  
  194  12:57  Zerg Ground Armor Level 3  
  193  13:03  Extractor  
  190  13:08  Extractor  
  189  13:15  Zerg Flyer Armor Level 1  
  187  13:27  Hatchery  
  185  13:30  Spore Crawler  
  185  13:31  Spore Crawler x2  
  182  13:39  Drone x3  
  185  13:41  Spine Crawler  
  185  13:42  Corruptor x7  
  185  13:43  Spine Crawler  
  197  13:49  Spine Crawler  
  196  13:57  Lurker  
  196  13:59  Overseer  
  196  14:00  Extractor  
  196  14:01  Zerg Flyer Weapons Level 1, Overseer  
  196  14:07  Spore Crawler  
  195  14:14  Viper  
  198  14:20  Spore Crawler  
  198  14:22  Spore Crawler x2  
  198  14:23  Spore Crawler  
  194  14:31  Viper  
  194  14:35  Pneumatized Carapace  
  197  14:42  Drone x2  
  199  14:49  Spore Crawler  
  198  15:04  Corruptor x6  
  198  15:05  Viper x2  
  198  15:07  Drone x4  
  182  15:08  Drone x7  
  182  15:09  Drone x3  
  186  15:14  Corruptor x2  
  186  15:20  Drone x5  
  186  15:21  Drone, Ultralisk Cavern  
  195  15:28  Spore Crawler, Corruptor  
  195  15:29  Spore Crawler, Corruptor x3  
  195  15:30  Spore Crawler  
  195  15:32  Spore Crawler  
  195  15:33  Spore Crawler x2, Corruptor x7  
  195  15:34  Spore Crawler  
  190  15:36  Hydralisk x5  
  175  15:43  Hydralisk x9  
  175  15:44  Zergling x16  
  175  15:45  Zergling x14  
  175  15:47  Hydralisk  
  199  15:53  Hydralisk  
  199  15:57  Roach x3  
  199  16:02  Roach  
  199  16:04  Lurker x2  
  200  16:11  Overlord  
  189  16:14  Overlord  
  189  16:16  Roach x6  
  184  16:19  Corruptor x3  
  188  16:31  Hydralisk x5  
Show
View Real Time Build Order
Export as new Build Order

ShoWTimE Protoss 

Build Orders: 1 Gate Expand, Oracle Opening, Carriers 

Get SALT Encoding   

  12  0:00  Probe  
  13  0:12  Probe  
  14  0:19  Pylon  
  14  0:24  Probe  
  15  0:37  Probe (Chrono Boost)  
  15  0:39  Gateway  
  16  0:46  Probe (Chrono Boost)  
  16  0:49  Assimilator  
  17  0:52  Probe (Chrono Boost)  
  18  1:04  Probe  
  19  1:16  Probe  
  20  1:26  Nexus  
  20  1:36  Cybernetics Core  
  20  1:39  Probe  
  21  1:45  Assimilator  
  21  1:51  Probe  
  21  1:54  Pylon  
  22  2:03  Probe (Chrono Boost)  
  23  2:09  Adept (Chrono Boost)  
  23  2:15  Probe (Chrono Boost)  
  26  2:17  Stargate  
  26  2:20  Probe (Chrono Boost)  
  27  2:26  Warp Gate  
  27  2:29  Probe (Chrono Boost)  
  28  2:33  Adept  
  30  2:39  Probe (Chrono Boost)  
  32  2:47  Probe (Chrono Boost)  
  32  2:49  Probe (Chrono Boost)  
  33  2:53  Void Ray (Chrono Boost)  
  33  2:54  Probe x2 (Chrono Boost)  
  39  3:05  Probe x2  
  39  3:09  Pylon  
  41  3:17  Probe  
  41  3:18  Probe  
  43  3:21  Gateway  
  43  3:28  Oracle (Chrono Boost)  
  43  3:30  Probe x2  
  48  3:42  Probe x2  
  50  3:49  Nexus  
  50  3:55  Pylon, Probe  
  50  3:56  Probe  
  52  4:03  Assimilator  
  52  4:05  Assimilator  
  52  4:07  Probe  
  52  4:08  Probe  
  54  4:13  Pylon  
  54  4:20  Shield Battery  
  54  4:21  Probe x2  
  56  4:31  Stargate  
  56  4:33  Stargate, Probe (Chrono Boost)  
  56  4:34  Probe (Chrono Boost)  
  56  4:37  Void Ray  
  58  4:45  Pylon  
  63  4:46  Probe (Chrono Boost)  
  63  4:51  Probe (Chrono Boost)  
  64  4:54  Probe (Chrono Boost)  
  66  5:00  Probe (Chrono Boost)  
  66  5:02  Probe (Chrono Boost)  
  66  5:04  Assimilator, Probe (Chrono Boost)  
  68  5:08  Assimilator  
  68  5:10  Void Ray  
  68  5:11  Void Ray  
  68  5:12  Probe (Chrono Boost)  
  68  5:13  Probe (Chrono Boost)  
  71  5:15  Probe (Chrono Boost)  
  71  5:16  Void Ray  
  71  5:17  Probe (Chrono Boost)  
  80  5:22  Probe  
  80  5:24  Probe  
  86  5:28  Pylon  
  86  5:29  Probe  
  86  5:34  Probe  
  88  5:36  Probe  
  88  5:37  Forge, Twilight Council  
  88  5:39  Adept  
  91  5:43  Probe  
  91  5:46  Probe  
  91  5:48  Void Ray (Chrono Boost)  
  94  5:52  Pylon  
  94  5:53  Void Ray (Chrono Boost)  
  99  6:00  Pylon  
  99  6:01  Void Ray (Chrono Boost)  
  101  6:05  Pylon  
  101  6:10  Charge, Probe x3  
  108  6:13  Robotics Facility  
  108  6:17  Protoss Ground Weapons Level 1 (Chrono Boost)  
  108  6:24  Gateway  
  108  6:26  Gateway  
  108  6:28  Gateway  
  108  6:34  Gateway x2  
  108  6:37  Gateway  
  108  6:45  Gateway  
  108  6:46  Gateway  
  108  6:50  Photon Cannon  
  108  6:58  Shield Battery  
  108  6:59  Shield Battery  
  108  7:00  Pylon  
  108  7:02  Observer, Templar Archives  
  109  7:15  Probe  
  110  7:19  Zealot x4  
  110  7:20  Psionic Storm  
  118  7:25  Pylon  
  118  7:26  Pylon  
  118  7:31  Pylon  
  118  7:36  Zealot x4  
  126  7:41  High Templar x3  
  132  7:44  High Templar x2, Pylon x2  
  132  7:45  Warp Prism (Chrono Boost)  
  132  7:46  High Templar  
  140  7:53  Nexus  
  140  7:55  Pylon  
  140  8:05  High Templar x2  
  144  8:08  Archon  
  144  8:11  Probe x3  
  147  8:15  Zealot x4  
  147  8:17  Photon Cannon  
  147  8:19  Shield Battery  
  155  8:22  Shield Battery, Protoss Ground Weapons Level 2 (Chrono Boost)  
  155  8:24  Photon Cannon  
  155  8:27  Photon Cannon  
  155  8:28  Photon Cannon  
  155  8:30  Shield Battery  
  155  8:33  Probe x3  
  158  8:35  Assimilator  
  158  8:37  High Templar  
  158  8:38  High Templar, Assimilator  
  162  8:42  Archon  
  162  8:51  Fleet Beacon, Pylon  
  162  8:52  Probe x3  
  165  8:56  Pylon  
  165  9:08  Protoss Air Weapons Level 1  
  165  9:14  High Templar  
  165  9:15  High Templar, Zealot x2  
  165  9:16  Zealot x5  
  181  9:20  Archon, Stargate  
  173  9:44  Carrier x2 (Chrono Boost)  
  157  9:46  Carrier (Chrono Boost)  
  173  9:57  Zealot x3  
  173  9:58  Zealot x7  
  183  10:18  Zealot x2  
  183  10:19  Zealot x8  
  193  10:29  Observer  
  193  10:35  Shield Battery  
  168  10:37  Pylon  
  168  10:39  Zealot x4  
  168  10:40  Zealot x4  
  162  10:48  Zealot x2  
  140  10:51  Archon  
  134  10:59  High Templar x4  
  134  11:00  High Templar x4  
  146  11:06  Archon x3  
  135  11:15  Nexus  
  135  11:17  Zealot x2  
  139  11:23  Carrier (Chrono Boost)  
  131  11:31  Carrier (Chrono Boost)  
  137  11:40  High Templar x3  
  137  11:44  Pylon  
  143  11:49  High Templar  
  143  11:51  Probe x3  
  143  11:54  Pylon  
  148  12:03  Probe x3  
  148  12:05  High Templar  
  153  12:09  Pylon  
  153  12:11  Zealot  
  153  12:13  High Templar  
  153  12:15  Probe  
  158  12:16  Probe x2  
  160  12:27  Probe x2  
  160  12:28  Probe  
  163  12:36  Zealot x4  
  171  12:45  High Templar x4  
  171  12:46  Probe  
  171  12:49  Archon x2  
  171  12:50  Zealot x2  
  184  12:54  Assimilator  
  184  12:56  Assimilator  
  176  13:09  Protoss Air Weapons Level 2 (Chrono Boost)  
  176  13:16  Zealot x6  
  188  13:23  Zealot x4  
  200  13:37  Carrier (Chrono Boost)  
  194  13:42  Probe  
  194  13:43  Probe  
  194  13:48  Zealot x6  
  184  13:50  Carrier (Chrono Boost)  
  200  14:03  Shield Battery  
  200  14:07  Photon Cannon  
  200  14:08  Photon Cannon  
  200  14:21  Nexus  
  200  14:24  Pylon  
  200  14:27  Shield Battery  
  200  14:34  Photon Cannon  
  200  14:36  Photon Cannon  
  200  14:38  Shield Battery  
  200  14:39  Protoss Shields Level 1  
  200  14:41  Pylon  
  195  15:05  Zealot x10  
  198  15:22  Warp Prism  
  198  15:27  Unknown  
  158  15:43  Zealot x10  
  158  15:47  Void Ray  
  174  15:57  Void Ray x2  
  182  16:13  High Templar x5  
  182  16:14  High Templar x4  
  186  16:19  Archon x2  
  186  16:20  Zealot  
  119  16:40  Zealot  
Tags
 
Add a new tag
Caveats
  • Supply blocks, unpowered buildings, or Contaminate may cause inaccurate times.
  • Supply counts are checked every 10 seconds.